PA
HOGSMEADE CAULDRONS @ WASHINGTON GENERALS
08/16/2026
 
TOP OF THE 1ST
Hogsmeade Cauldrons batting - Pitching for Washington Generals : RHP Baker Mayfield
Pitching: RHP Baker Mayfield
Batting: LHB Rodrigo Gómez 0-0: Called Strike
0-1: Called Strike
0-2: Ball
1-2: Ball
2-2: Strikes out looking
Batting: LHB Estefan Carrasco 0-0: Fly out, F9 (Line Drive, 9)
Batting: LHB Austin Hathaway 0-0: Called Strike
0-1: Swinging Strike
0-2: Strikes out swinging
Top of the 1st over - 0 run(s), 0 hit(s), 0 error(s), 0 left on base; Hogsmeade 0 - Washington 0
BOTTOM OF THE 1ST
Washington Generals batting - Pitching for Hogsmeade Cauldrons : RHP Fred Gunther
Pitching: RHP Fred Gunther
Batting: SHB Dennis Barraclough 0-0: Called Strike
0-1: Foul Ball, location: 2F
0-2: Ball
1-2: Strikes out swinging
Batting: RHB Ken Bone 0-0: Ball
1-0: Ball
2-0: Foul Ball, location: 2F
2-1: Called Strike
2-2: Foul Ball, location: 2F
2-2: Ball
3-2: Fly out, F7 (Flyball, 7S)
Batting: RHB Nick Boyd 0-0: Ball
1-0: Called Strike
1-1: Called Strike
1-2: Strikes out swinging
Bottom of the 1st over - 0 run(s), 0 hit(s), 0 error(s), 0 left on base; Hogsmeade 0 - Washington 0
TOP OF THE 2ND
Hogsmeade Cauldrons batting - Pitching for Washington Generals : RHP Baker Mayfield
Batting: LHB Cris Gonzáles 0-0: Called Strike
0-1: Ball
1-1: Called Strike
1-2: Fly out, F8 (Flyball, 8LM)
Batting: RHB Jorge Gómez 0-0: Called Strike
0-1: Ball
1-1: Ball
2-1: Called Strike
2-2: Ball
3-2: Strikes out looking
Batting: RHB Jason Ward 0-0: Foul Ball, location: 2F
0-1: Ball
1-1: Swinging Strike
1-2: Fly out, F7 (Flyball, 7)
Top of the 2nd over - 0 run(s), 0 hit(s), 0 error(s), 0 left on base; Hogsmeade 0 - Washington 0
BOTTOM OF THE 2ND
Washington Generals batting - Pitching for Hogsmeade Cauldrons : RHP Fred Gunther
Batting: RHB Wilbur Kramer 0-0: Called Strike
0-1: Swinging Strike
0-2: Foul Ball, location: 2F
0-2: Strikes out swinging
Batting: RHB Brant Thigpen 0-0: Called Strike
0-1: Ball
1-1: Swinging Strike
1-2: Ball
2-2: Foul Ball, location: 2F
2-2: Ball
3-2: Foul Ball, location: 2F
3-2: Foul Ball, location: 2F
3-2: DOUBLE (Line Drive, 89M)
Batting: RHB Roberto Aguirre 0-0: Fly out, F8 (Flyball, 8RM)
Batting: RHB Mike Isley 0-0: Called Strike
0-1: SINGLE (Groundball, 4D)
Brant Thigpen to third
Runner from 3rd tries for Home, SAFE, no throw
Batting: RHB Ángel Castro 0-0: Ball
1-0: Ball
2-0: Foul Ball, location: 2F
2-1: DOUBLE (Line Drive, 8LD)
Mike Isley to third
Batting: RHB Michael Douglas 0-0: Ball
1-0: Foul Ball, location: 2F
1-1: Called Strike
1-2: Ball
2-2: Strikes out swinging
Bottom of the 2nd over - 1 run(s), 3 hit(s), 0 error(s), 2 left on base; Hogsmeade 0 - Washington 1
TOP OF THE 3RD
Hogsmeade Cauldrons batting - Pitching for Washington Generals : RHP Baker Mayfield
Batting: SHB Larry O'Morgan 0-0: Called Strike
0-1: SINGLE (Line Drive, 78S)
Batting: RHB Robinson Barquero 0-0: Called Strike
0-1: Swinging Strike
0-2: Strikes out swinging
Batting: RHB Paul O'Neill 0-0: Ball
1-0: Called Strike
1-1: Foul Ball, location: 2F
1-2: Ball
2-2: DOUBLE (Line Drive, 8LM)
Larry O'Morgan to third
Runner from 3rd tries for Home, SAFE, throw made home
Batting: LHB Rodrigo Gómez 0-0: Ball
1-0: Foul Ball, location: 2F
1-1: Foul Ball, location: 2F
1-2: Fly out, F8 (Flyball, 8LM)
Batting: LHB Estefan Carrasco 0-0: Ball
1-0: SINGLE (Line Drive, 9S)
Paul O'Neill to third
Batting: LHB Austin Hathaway 0-0: Ball
1-0: Swinging Strike
1-1: Called Strike
1-2: SINGLE (Line Drive, 4MD)
Paul O'Neill scores
Estefan Carrasco to second
Batting: LHB Cris Gonzáles 0-0: Ball
1-0: Ball
2-0: Called Strike
2-1: Foul Ball, location: 2F
2-2: Ball
3-2: Fly out, F5 (Line Drive, 56)
Top of the 3rd over - 2 run(s), 4 hit(s), 0 error(s), 2 left on base; Hogsmeade 2 - Washington 1
BOTTOM OF THE 3RD
Washington Generals batting - Pitching for Hogsmeade Cauldrons : RHP Fred Gunther
Batting: SHB Dennis Barraclough 0-0: Foul Ball, location: 2F
0-1: Foul Ball, location: 2F
0-2: Ball
1-2: Ball
2-2: Ground out 4-3 (Groundball, 34)
Batting: RHB Ken Bone 0-0: SINGLE (Line Drive, 34D)
Batting: RHB Nick Boyd 0-0: Called Strike
0-1: Foul Ball, location: 2F
0-2: Foul Ball, location: 2F
0-2: Ball
1-2: Foul Ball, location: 2F
1-2: Ball
2-2: Ball
3-2: Fly out, F8 (Flyball, 89M)
Batting: RHB Wilbur Kramer 0-0: Ball
1-0: Swinging Strike
1-1: Ball
2-1: Called Strike
2-2: Foul Ball, location: 2F
2-2: Foul Ball, location: 2F
2-2: Ball
3-2: Foul Ball, location: 2F
3-2: Strikes out swinging
Bottom of the 3rd over - 0 run(s), 1 hit(s), 0 error(s), 1 left on base; Hogsmeade 2 - Washington 1
TOP OF THE 4TH
Hogsmeade Cauldrons batting - Pitching for Washington Generals : RHP Baker Mayfield
Batting: RHB Jorge Gómez 0-0: Ground out 5-3 (Groundball, 5)
Batting: RHB Jason Ward 0-0: Swinging Strike
0-1: Ball
1-1: Ball
2-1: Ball
3-1: Called Strike
3-2: Foul Ball, location: 2F
3-2: Base on Balls
Batting: SHB Larry O'Morgan 0-0: Ball
1-0: Called Strike
1-1: Called Strike
1-2: Fielders Choice at 2nd, 3-6 (Groundball, 3)
Batting: RHB Robinson Barquero 0-0: Ball
1-0: Fly out, F9 (Flyball, 89M)
Top of the 4th over - 0 run(s), 0 hit(s), 0 error(s), 1 left on base; Hogsmeade 2 - Washington 1
BOTTOM OF THE 4TH
Washington Generals batting - Pitching for Hogsmeade Cauldrons : RHP Fred Gunther
Batting: RHB Brant Thigpen 0-0: Ball
1-0: Foul Ball, location: 2F
1-1: Ball
2-1: Ground out 5-3 (Groundball, 5L)
Batting: RHB Roberto Aguirre 0-0: Foul Ball, location: 2F
0-1: Swinging Strike
0-2: Strikes out looking
Batting: RHB Mike Isley 0-0: Foul Ball, location: 2F
0-1: Foul Ball, location: 2F
0-2: Ball
1-2: Ball
2-2: Strikes out swinging
Bottom of the 4th over - 0 run(s), 0 hit(s), 0 error(s), 0 left on base; Hogsmeade 2 - Washington 1
TOP OF THE 5TH
Hogsmeade Cauldrons batting - Pitching for Washington Generals : RHP Baker Mayfield
Batting: RHB Paul O'Neill 0-0: Fly out, F9 (Flyball, 9D)
Batting: LHB Rodrigo Gómez 0-0: Ball
1-0: Ball
2-0: Ground out 6-3 (Groundball, 6)
Batting: LHB Estefan Carrasco 0-0: Ball
1-0: Called Strike
1-1: Ball
2-1: Foul Ball, location: 2F
2-2: Strikes out swinging
Top of the 5th over - 0 run(s), 0 hit(s), 0 error(s), 0 left on base; Hogsmeade 2 - Washington 1
BOTTOM OF THE 5TH
Washington Generals batting - Pitching for Hogsmeade Cauldrons : RHP Fred Gunther
Batting: RHB Ángel Castro 0-0: DOUBLE (Flyball, 89D)
Batting: RHB Michael Douglas 0-0: Called Strike
0-1: Foul Ball, location: 2F
0-2: Ball
1-2: Strikes out swinging
Batting: SHB Dennis Barraclough 0-0: Ball
1-0: SINGLE (Groundball, 6D)
Ángel Castro to third
Runner from 3rd tries for Home, SAFE, throw made home
Dennis Barraclough to second
Batting: RHB Ken Bone 0-0: Called Strike
Dennis Barraclough steals 3rd base
0-1: Foul Ball, location: 2F
0-2: Foul Ball, location: 2F
0-2: Strikes out swinging, 2-3 out at first.
Batting: RHB Nick Boyd 0-0: Ball
1-0: SINGLE (Groundball, 4MD)
Dennis Barraclough scores
Batting: RHB Wilbur Kramer 0-0: Ball
1-0: Fly out, F7 (Line Drive, 7)
Bottom of the 5th over - 2 run(s), 3 hit(s), 0 error(s), 1 left on base; Hogsmeade 2 - Washington 3
TOP OF THE 6TH
Hogsmeade Cauldrons batting - Pitching for Washington Generals : RHP Baker Mayfield
Batting: LHB Austin Hathaway 0-0: Ball
1-0: Foul Ball, location: 2F
1-1: Foul Ball, location: 2F
1-2: Ball
2-2: Foul Ball, location: 2F
2-2: Foul Ball, location: 2F
2-2: Foul Ball, location: 2F
2-2: Ball
3-2: Foul Ball, location: 2F
3-2: Fly out, F9 (Flyball, 89M)
Batting: LHB Cris Gonzáles 0-0: Called Strike
0-1: Foul Ball, location: 2F
0-2: Ground out U3 (Groundball, 34)
Batting: RHB Jorge Gómez 0-0: Ball
1-0: Called Strike
1-1: Ground out 4-3 (Groundball, 4)
Top of the 6th over - 0 run(s), 0 hit(s), 0 error(s), 0 left on base; Hogsmeade 2 - Washington 3
BOTTOM OF THE 6TH
Washington Generals batting - Pitching for Hogsmeade Cauldrons : RHP Fred Gunther
Batting: RHB Brant Thigpen 0-0: Ball
1-0: Ball
2-0: Ball
3-0: Base on Balls
Batting: RHB Roberto Aguirre 0-0: Sac Bunt - play at first, batter OUT! 1-4
Brant Thigpen to second
Batting: RHB Mike Isley 0-0: Called Strike
0-1: Swinging Strike
0-2: Foul Ball, location: 2F
0-2: Foul Ball, location: 2F
0-2: Foul Ball, location: 2F
0-2: Foul Ball, location: 2F
0-2: Fly out, F9 (Flyball, 9S)
Batting: RHB Ángel Castro 0-0: Ball
1-0: Foul Ball, location: 2F
1-1: Foul Ball, location: 2F
1-2: Foul Ball, location: 2F
1-2: Ground out 4-3 (Groundball, 4)
Bottom of the 6th over - 0 run(s), 0 hit(s), 0 error(s), 1 left on base; Hogsmeade 2 - Washington 3
TOP OF THE 7TH
Hogsmeade Cauldrons batting - Pitching for Washington Generals : RHP Baker Mayfield
Batting: RHB Jason Ward 0-0: Foul Ball, location: 2F
0-1: Ball
1-1: Fly out, F1 (Line Drive, 13)
Batting: SHB Larry O'Morgan 0-0: Fly out, F7 (Flyball, 7)
Batting: RHB Robinson Barquero 0-0: Ball
1-0: Called Strike
1-1: Ball
2-1: Ground out 5-3 (Groundball, 56)
Top of the 7th over - 0 run(s), 0 hit(s), 0 error(s), 0 left on base; Hogsmeade 2 - Washington 3
BOTTOM OF THE 7TH
Washington Generals batting - Pitching for Hogsmeade Cauldrons : RHP Fred Gunther
Batting: RHB Michael Douglas 0-0: Ball
1-0: Ball
2-0: Ball
3-0: Base on Balls
Pinch Hitting: LHB Jim Unknown 0-0: Sac Bunt - play at second, runner OUT! 3-6
Batting: RHB Ken Bone 0-0: Called Strike
Jim Unknown steals 2nd base
0-1: Fly out, F8 (Flyball, 8RD)
Runner from 2nd tags up, SAFE at 3rd, no throw
Batting: RHB Nick Boyd 0-0: Ball
1-0: Foul Ball, location: 2F
1-1: Swinging Strike
1-2: Ball
2-2: Fly out, F9 (Flyball, 89D)
Bottom of the 7th over - 0 run(s), 0 hit(s), 0 error(s), 1 left on base; Hogsmeade 2 - Washington 3
TOP OF THE 8TH
Hogsmeade Cauldrons batting - Pitching for Washington Generals : RHP Baker Mayfield
Now in CF: Elmer Hudgins
Batting: RHB Paul O'Neill 0-0: Fly out, F9 (Flyball, 9S)
Batting: LHB Rodrigo Gómez 0-0: Called Strike
0-1: Ball
1-1: Called Strike
1-2: Ball
2-2: Ball
3-2: Fly out, F9 (Flyball, 89M)
Batting: LHB Estefan Carrasco 0-0: Called Strike
0-1: Ball
1-1: Ball
2-1: Ball
3-1: Ground out 4-3 (Groundball, 34)
Top of the 8th over - 0 run(s), 0 hit(s), 0 error(s), 0 left on base; Hogsmeade 2 - Washington 3
BOTTOM OF THE 8TH
Washington Generals batting - Pitching for Hogsmeade Cauldrons : RHP Fred Gunther
Pitching: LHP Bradley Roth
Batting: RHB Wilbur Kramer 0-0: Swinging Strike
0-1: Ball
1-1: Ball
2-1: Ball
3-1: Base on Balls
Batting: RHB Brant Thigpen 0-0: Ball
Wilbur Kramer steals 2nd base
1-0: Called Strike
1-1: Ball
2-1: Fly out, F8 (Line Drive, 8LM)
Pinch Hitting: RHB Gustavo González 0-0: Intentional Walk
Pinch Hitting: RHB Trevor O'Herlihy 0-0: Called Strike
0-1: Ball
1-1: Ball
2-1: Ball
3-1: Called Strike
3-2: Foul Ball, location: 2F
3-2: Base on Balls
Wilbur Kramer to third
Gustavo González to second
Pinch Hitting: RHB Raúl García 0-0: Ball
1-0: Grounds into fielders choice 6-2 (Groundball, 6)
Gustavo González to third
Trevor O'Herlihy to second
Batting: RHB Michael Douglas 0-0: Called Strike
0-1: Ball
1-1: Called Strike
1-2: Foul Ball, location: 2F
1-2: Ball
2-2: Strikes out swinging
Bottom of the 8th over - 0 run(s), 0 hit(s), 0 error(s), 3 left on base; Hogsmeade 2 - Washington 3
TOP OF THE 9TH
Hogsmeade Cauldrons batting - Pitching for Washington Generals : RHP Baker Mayfield
Pitching: LHP Arnold Safi
Now at 3B: Jim Unknown
Now in LF: Jim Unknown
Now in RF: Alonso Vielma
Batting: LHB Austin Hathaway 0-0: Foul Ball, location: 2F
0-1: Called Strike
0-2: Foul Ball, location: 2F
0-2: Ball
1-2: Strikes out swinging
Batting: LHB Cris Gonzáles 0-0: Foul Ball, location: 2F
0-1: Ball
1-1: Ball
2-1: Fly out, F5 (Line Drive, 56)
Batting: RHB Jorge Gómez 0-0: Ball
1-0: Ball
2-0: Called Strike
2-1: SINGLE (Flyball, 9LM)
Batting: RHB Jason Ward 0-0: Called Strike
0-1: Foul Ball, location: 2F
0-2: Strikes out swinging
Top of the 9th over - 0 run(s), 1 hit(s), 0 error(s), 1 left on base; Hogsmeade 2 - Washington 3
Monday, March 20th, 2017 - OOTP Baseball 17.12 Build 75